 Dungeon Crawl Stone Soup version 0.26-a0-651-gb41185065b (console) character file.

Game seed: 2994279301124560669

14322 Ignak the Thaumaturge (level 12, -3/91 HPs)
             Began as a Gnoll Venom Mage on Sept 28, 2020.
             Was a High Priest of Okawaru.
             Slain by Jorgrun
             ... wielding a +0 vorpal quarterstaff
              (9 damage)
             ... on level 1 of the Orcish Mines.
             The game lasted 00:55:01 (15683 turns).

Ignak the Thaumaturge (Gnoll Venom Mage)           Turns: 15683, Time: 00:55:03

Health: -3/91      AC: 12    Str: 16      XL:     12   Next: 15%
Magic:  3/24       EV: 19    Int: 12 (27) God:    Okawaru [*****.]
Gold:   2237       SH:  6    Dex: 19      Spells: 11/28 levels left

rFire    . . .     SeeInvis +   L - +1 rapier {venom, *Contam rElec Dex+2 SInv}
rCold    + . .     Faith    .   C - +0 buckler
rNeg     . . .     Spirit   .   f - +2 robe {Archmagi}
rPois    .         Reflect  .   (helmet restricted)
rElec    +         Harm     .   z - +0 cloak
rCorr    .         Rampage  .   M - +2 pair of gloves {Str+3}
MR       .....                  O - +2 pair of boots {Stlth+}
Stlth    +++++.....             (no amulet)
HPRegen  0.25/turn              i - ring of protection from cold
MPRegen  0.19/turn              B - +6 ring of intelligence

@: marked
A: distributed training, antennae 1, fangs 1, blurry vision 1, strong 1, strong
nose
a: Heroism, Finesse, Renounce Religion


You were on level 1 of the Orcish Mines.
You worshipped Okawaru.
Okawaru was extremely pleased with you.
You visited 2 branches of the dungeon, and saw 13 of its levels.
You also visited: Bailey.

You collected 2237 gold pieces.

Inventory:

Hand Weapons
 k - a +1 vorpal war axe
 L - the +1 rapier of the Shining Light (weapon) {venom, *Contam rElec Dex+2 SInv}
   (You found it in a bailey)

   It poisons the flesh of those it strikes.
   It affects your dexterity (+2).
   It insulates you from electricity.
   It lets you see invisible.
   It causes magical contamination when unequipped.
Missiles
 c - 62 poisoned darts (quivered)
Armour
 f - a +2 robe of the Archmagi (worn)
 m - the +10 tower shield of Ignorance {rN+ Int-4}
   (You found it on level 1 of the Orcish Mines)

   It affects your intelligence (-4).
   It protects you from negative energy.
 p - a +1 helmet
 q - a +0 helmet
 w - a +2 robe
 y - a +1 hat
 z - a +0 cloak (worn)
 C - a +0 buckler (worn)
 D - a +2 leather armour of cold resistance
 M - a +2 pair of gloves of strength (worn)
 N - a +0 troll leather armour
 O - a +2 pair of boots of stealth (worn)
Magical Staves
 I - an uncursed staff of cold
Jewellery
 i - a ring of protection from cold (left hand)
 A - an uncursed ring of fire
 B - a +6 ring of intelligence (right hand)
Wands
 e - a wand of flame (1)
 g - a wand of random effects (22)
 j - a wand of polymorph (3)
 r - a wand of paralysis (3)
 u - a wand of acid (3)
 v - a wand of iceblast (16)
 E - a wand of digging (4)
Scrolls
 b - 2 scrolls of remove curse
 h - a scroll of amnesia
 s - 2 scrolls of enchant armour
 t - a scroll of fear
 x - 5 scrolls of teleportation
 K - 2 scrolls of identify
Potions
 a - a potion of curing
 d - 2 potions of magic
 l - 2 potions of ambrosia
 n - a potion of might
 o - a potion of brilliance
 F - a potion of invisibility
 H - a potion of haste {unknown}
 J - 2 potions of stabbing {unknown}
Miscellaneous
 G - a lightning rod (3/4)


   Skills:
 + Level 7.0 Fighting
 + Level 7.0 Short Blades
 + Level 7.0 Long Blades
 + Level 7.0 Axes
 + Level 7.0 Maces & Flails
 + Level 7.0 Polearms
 + Level 7.0 Staves
 + Level 7.0 Slings
 + Level 7.0 Bows
 + Level 7.0 Crossbows
 + Level 7.0 Throwing
 + Level 7.0 Armour
 + Level 8.4 Dodging
 + Level 8.2 Stealth
 + Level 7.0 Shields
 + Level 7.0 Unarmed Combat
 + Level 8.7 Spellcasting
 + Level 5.8 Conjurations
 + Level 5.8 Hexes
 + Level 5.8 Summonings
 + Level 5.8 Necromancy
 + Level 5.8 Translocations
 + Level 6.2 Transmutations
 + Level 5.8 Fire Magic
 + Level 5.8 Ice Magic
 + Level 5.8 Air Magic
 + Level 5.8 Earth Magic
 + Level 8.1 Poison Magic
 + Level 7.7 Invocations
 + Level 7.0 Evocations


You had 11 spell levels left.
You knew the following spells:

 Your Spells              Type           Power        Failure   Level
a - Vampiric Draining     Necr           ####......   3%          3
b - Animate Dead          Necr           ####......   12%         4
c - Ignite Poison         Fire/Tmut/Pois ####....     2%          3
d - Mephitic Cloud        Conj/Pois/Air  ####....     2%          3
z - Olgreb's Toxic Radia  Pois           #####...     4%          4

Your spell library contained the following spells:

 Spells                   Type           Power        Failure   Level
 Animate Skeleton         Necr           ####..       1%          1
 Pain                     Necr           ####         1%          1
 Sting                    Tmut/Pois      ####         1%          1
 Poisonous Vapours        Pois/Air       ####..       1%          2
 Agony                    Necr           ####....     34%         5


Dungeon Overview and Level Annotations

Branches:
Dungeon (11/15)            Temple (0/1) D:7             Orc (2/2) D:10
 Bailey (visited)
   Lair: D:8-11         Elf: Orc:2

Altars:
Ashenzari
Dithmenos
Fedhas
Kikubaaqudgha
Nemelex Xobeh
Okawaru
Qazlal
Ru
Trog
Yredelemnul
Zin
The Shining One

Annotations:
Orc:1 Jorgrun
Orc:2 Erolcha


Innate Abilities, Weirdness & Mutations

Your experience applies equally to all skills.
You have very sharp teeth.
Your uncanny sense of smell can sniff out nearby items.
You have a pair of small antennae on your head.
Scrolls take you a little longer to read.
Your muscles are strong. (Str +2)


Message History

Press: ? - help, Shift-Dir - straight line You feel a surge of power!
The ball explodes into a vile cloud!
The stinking cloud engulfs Jorgrun but does no damage.
Jorgrun is moderately wounded.
The stinking cloud engulfs the orc warrior but does no damage.
The orc warrior shouts!
The orc shouts! x4; You hear a shout! x2
You block Jorgrun's attack.
The orc warrior is engulfed in noxious fumes.
The orc warrior appears confused.
Found 19 gold pieces.
Casting: Mephitic Cloud (mildly dangerous; 2% risk of failure)
Confirm with . or Enter, or press ? or * to list all spells.
Press: ? - help, Shift-Dir - straight line You feel a surge of power!
The ball explodes into a vile cloud!
The stinking cloud engulfs Jorgrun but does no damage.
Jorgrun is moderately wounded.
The stinking cloud engulfs the orc but does no damage.
Jorgrun looks more healthy.
Jorgrun is engulfed in noxious fumes.
Jorgrun hits you with a +0 vorpal quarterstaff!
You die...

$# ....
##.##..$.o
##.......o.
##$...o.....
##.....o.o...
#....○○o.....
###..§§○......
##.#....§○§...$..
#......@g☼o.#...
##.......).##
#....#.......$
#..............
##.......#.......
#......#...#....
#....$..#...###.#
#...##....... ##


You could see Jorgrun, an orc warrior (confused) and 4 orcs.

Vanquished Creatures
  3 two-headed ogres
  A deep elf knight (D:9)
  4 orange crystal statues (Orc:1)
  2 orc knights
  Pikel (D:7)
  An orc sorcerer (Orc:2)
  Joseph (D:7)
  The ghost of Colgate the Covert, a novice NaEn (D:5)
  A troll (D:10)
  A hornet (D:9)
  A meliai zombie (D:10)
  The ghost of Drevant2 the Slinger, an amateur HaHu (D:3)
  A hippogriff (D:10)
  A yak (D:9)
  An acid dragon (D:9)
  A swamp worm (D:9)
  2 water moccasins (D:10)
  Duvessa (D:5)
  16 orc warriors
  2 sky beasts
  2 ice beasts
  A hornet zombie (D:10)
  8 ogres
  A black bear (D:8)
  3 centaurs
  3 lemures (D:7)
  A big kobold (D:7)
  A wyvern zombie (D:9)
  3 bullfrogs
  7 gnoll sergeants (Bailey)
  Dowan (D:5)
  2 scorpions
  3 killer bees (D:10)
  A water moccasin skeleton (D:6)
  2 howler monkeys
  A bullfrog zombie (D:10)
  A quasit (D:7)
  A centaur zombie (D:10)
  2 jellies
  7 gnoll shamans
  9 hounds
  11 orc priests
  7 orc wizards
  2 bullfrog skeletons
  Natasha (thrice) (D:2)
  An iguana (D:8)
  4 worker ants
  A centaur simulacrum (D:5)
  2 hound skeletons
  2 worker ant zombies
  22 gnolls
  13 adders
  A hound simulacrum (D:5)
  A shadow imp (D:9)
  3 white imps
  A worker ant simulacrum (D:5)
  2 ufetubi
  4 oozes
  An adder zombie (D:7)
  2 adder skeletons (D:5)
  A worm (D:2)
  A leopard gecko (D:1)
  58 orcs
  7 bats
  5 giant cockroaches
  8 goblins
  6 hobgoblins
  3 jackals (D:1)
  5 quokkas
  3 frilled lizards
  A jackal simulacrum (D:5)
  10 kobolds
  2 leopard gecko simulacra (D:5)
  2 quokka skeletons
  6 rats
304 creatures vanquished.

Vanquished Creatures (collateral kills)
  A gnoll sergeant (Bailey)
1 creature vanquished.

Vanquished Creatures (others)
  An orc (D:5)
  5 plants (D:9)
6 creatures vanquished.

Grand Total: 311 creatures vanquished

Notes
Turn   | Place    | Note
-------+----------+-------------------------------------------
     0 | D:1      | Ignak the Gnoll Venom Mage began the quest for the Orb.
     0 | D:1      | Reached XP level 1. HP: 13/13 MP: 6/6
   161 | D:1      | Reached XP level 2. HP: 12/19 MP: 1/7
   903 | D:2      | Reached skill level 5 in Spellcasting
   903 | D:2      | Reached XP level 3. HP: 22/25 MP: 5/9
   932 | D:2      | Noticed Natasha
   948 | D:2      | Killed Natasha
   948 | D:2      | Reached skill level 1 in Fighting
   948 | D:2      | Reached skill level 1 in Short Blades
   948 | D:2      | Reached skill level 1 in Long Blades
   948 | D:2      | Reached skill level 1 in Axes
   948 | D:2      | Reached skill level 1 in Maces & Flails
   948 | D:2      | Reached skill level 1 in Polearms
   948 | D:2      | Reached skill level 1 in Staves
   948 | D:2      | Reached skill level 1 in Slings
   948 | D:2      | Reached skill level 1 in Bows
   948 | D:2      | Reached skill level 1 in Crossbows
   948 | D:2      | Reached skill level 1 in Throwing
   948 | D:2      | Reached skill level 1 in Armour
   948 | D:2      | Reached skill level 1 in Shields
   948 | D:2      | Reached skill level 1 in Unarmed Combat
   948 | D:2      | Reached skill level 1 in Invocations
   948 | D:2      | Reached skill level 1 in Evocations
   948 | D:2      | Reached XP level 4. HP: 11/32 MP: 2/11
  1234 | D:2      | Learned a level 3 spell: Mephitic Cloud
  1239 | D:2      | Learned a level 4 spell: Olgreb's Toxic Radiance
  1244 | D:2      | Learned a level 3 spell: Ignite Poison
  1309 | D:2      | Noticed Natasha
  1316 | D:2      | Killed Natasha
  1316 | D:2      | Reached skill level 1 in Conjurations
  1316 | D:2      | Reached skill level 1 in Hexes
  1316 | D:2      | Reached skill level 1 in Summonings
  1316 | D:2      | Reached skill level 1 in Necromancy
  1316 | D:2      | Reached skill level 1 in Translocations
  1316 | D:2      | Reached skill level 1 in Fire Magic
  1316 | D:2      | Reached skill level 1 in Ice Magic
  1316 | D:2      | Reached skill level 1 in Air Magic
  1316 | D:2      | Reached skill level 1 in Earth Magic
  1386 | D:2      | Noticed Natasha
  1395 | D:2      | Killed Natasha
  1395 | D:2      | Reached XP level 5. HP: 22/37 MP: 1/12
  1890 | D:3      | Found a runed translucent gate.
  1890 | D:3      | Found a runed translucent gate.
  1890 | D:3      | Found a runed translucent gate.
  1891 | D:3      | Noticed Drevant2's ghost (amateur HaHu)
  1903 | D:3      | Found a broken altar of Ashenzari.
  2153 | D:3      | Found a sparkling altar of Nemelex Xobeh.
  2315 | D:3      | You fall into a shaft and drop 1 floor!
  2779 | D:4      | Noticed an ogre
  2802 | D:4      | Killed an ogre
  2802 | D:4      | Reached XP level 6. HP: 44/44 MP: 3/14
  3015 | D:4      | Found a bloodstained altar of Trog.
  3041 | D:4      | Reached skill level 5 in Dodging
  3202 | D:4      | Noticed a fire elemental
  3204 | D:4      | Found a stormy altar of Qazlal.
  3233 | D:4      | Noticed a water elemental
  3247 | D:4      | Noticed an air elemental
  3556 | D:5      | Entered Level 5 of the Dungeon
  3939 | D:5      | Noticed an ice beast
  3984 | D:5      | Killed an ice beast
  3984 | D:5      | Reached XP level 7. HP: 33/50 MP: 15/15
  4147 | D:5      | Found an iron altar of Okawaru.
  4169 | D:5      | Became a worshipper of Warmaster Okawaru
  4502 | D:5      | Found a runed translucent gate.
  4502 | D:5      | Found a runed translucent gate.
  4504 | D:5      | Found a runed translucent gate.
  4518 | D:5      | Reached skill level 5 in Stealth
  4623 | D:5      | Noticed Duvessa
  4641 | D:5      | Killed Duvessa
  4641 | D:5      | Reached * piety under Okawaru
  4643 | D:5      | Noticed Dowan
  4650 | D:5      | Killed Dowan
  4650 | D:5      | Reached XP level 8. HP: 36/57 MP: 0/16
  5031 | D:5      | Noticed Colgate's ghost (novice NaEn)
  5701 | D:3      | Found a sacrificial altar of Ru.
  5828 | D:3      | Killed Drevant2's ghost
  5956 | D:5      | Killed Colgate's ghost
  5956 | D:5      | Reached ** piety under Okawaru
  6118 | D:6      | Gained mutation: Scrolls take you a little longer to read.
                  | [potion of mutation]
  6118 | D:6      | Gained mutation: You have a pair of small antennae on your
                  | head. [potion of mutation]
  6118 | D:6      | Gained mutation: Your muscles are strong. (Str +2) [potion
                  | of mutation]
  6574 | D:6      | Reached XP level 9. HP: 65/65 MP: 3/18
  6823 | D:6      | Found an ancient bone altar of Kikubaaqudgha.
  6823 | D:6      | Found a shadowy altar of Dithmenos.
  7320 | D:7      | Noticed Pikel
  7325 | D:7      | Killed Pikel
  7480 | D:7      | Noticed Joseph
  7498 | D:7      | Killed Joseph
  7498 | D:7      | Reached *** piety under Okawaru
  7785 | D:7      | Learned a level 3 spell: Vampiric Draining
  7790 | D:7      | Learned a level 4 spell: Animate Dead
  7933 | D:7      | Reached skill level 5 in Invocations
  8476 | D:7      | Found a staircase to the Ecumenical Temple.
  8803 | D:8      | Found a glowing golden altar of the Shining One.
  8890 | D:8      | Noticed an angel
  8919 | D:8      | Found a basalt altar of Yredelemnul.
  8967 | D:8      | Reached XP level 10. HP: 73/73 MP: 11/20
  8977 | D:8      | Reached **** piety under Okawaru
  9172 | D:8      | Reached skill level 5 in Fighting
  9172 | D:8      | Reached skill level 5 in Short Blades
  9172 | D:8      | Reached skill level 5 in Long Blades
  9172 | D:8      | Reached skill level 5 in Axes
  9172 | D:8      | Reached skill level 5 in Maces & Flails
  9172 | D:8      | Reached skill level 5 in Polearms
  9172 | D:8      | Reached skill level 5 in Staves
  9172 | D:8      | Reached skill level 5 in Slings
  9172 | D:8      | Reached skill level 5 in Bows
  9172 | D:8      | Reached skill level 5 in Crossbows
  9172 | D:8      | Reached skill level 5 in Throwing
  9172 | D:8      | Reached skill level 5 in Armour
  9172 | D:8      | Reached skill level 5 in Shields
  9172 | D:8      | Reached skill level 5 in Unarmed Combat
  9172 | D:8      | Reached skill level 5 in Evocations
  9351 | D:8      | Found a glowing silver altar of Zin.
  9359 | D:8      | Found a blossoming altar of Fedhas.
 10304 | D:9      | Received a gift from Okawaru
 10409 | D:9      | Noticed a deep elf knight
 10413 | D:9      | Reached skill level 5 in Transmutations
 10433 | D:9      | Killed a deep elf knight
 11514 | D:9      | Noticed a two-headed ogre
 11534 | D:9      | Killed a two-headed ogre
 11534 | D:9      | Reached ***** piety under Okawaru
 11534 | D:9      | Received a gift from Okawaru
 11534 | D:9      | Reached XP level 11. HP: 81/81 MP: 10/22
 11736 | D:10     | Entered Level 10 of the Dungeon
 11736 | D:10     | Found a blossoming altar of Fedhas.
 11790 | D:10     | Found a flagged portal.
 11818 | Bailey   | Entered a bailey
 12208 | Bailey   | Reached skill level 5 in Conjurations
 12208 | Bailey   | Reached skill level 5 in Hexes
 12208 | Bailey   | Reached skill level 5 in Summonings
 12208 | Bailey   | Reached skill level 5 in Necromancy
 12208 | Bailey   | Reached skill level 5 in Translocations
 12208 | Bailey   | Reached skill level 5 in Fire Magic
 12208 | Bailey   | Reached skill level 5 in Ice Magic
 12208 | Bailey   | Reached skill level 5 in Air Magic
 12208 | Bailey   | Reached skill level 5 in Earth Magic
 12233 | Bailey   | Got a faintly glowing rapier
 12234 | Bailey   | Identified the +1 rapier of the Shining Light {venom,
                  | *Contam rElec Dex+2 SInv} (You found it in a bailey)
 12480 | D:10     | Noticed a two-headed ogre
 12495 | D:10     | Killed a two-headed ogre
 12495 | D:10     | Received a gift from Okawaru
 12890 | D:10     | Found a staircase to the Orcish Mines.
 12891 | D:10     | Noticed an orc knight
 12899 | D:10     | Killed an orc knight
 13618 | Orc:1    | Entered Level 1 of the Orcish Mines
 13626 | Orc:1    | Noticed a two-headed ogre
 13634 | Orc:1    | Killed a two-headed ogre
 13874 | Orc:1    | Found a runed translucent door.
 13919 | Orc:1    | Found a runed translucent door.
 13926 | Orc:1    | Found the +10 tower shield of Ignorance {rN+ Int-4}
 13929 | Orc:1    | Noticed an orange crystal statue
 14136 | Orc:1    | Noticed an orange crystal statue
 14136 | Orc:1    | Noticed an orange crystal statue
 14136 | Orc:1    | Noticed an orange crystal statue
 14139 | Orc:1    | Noticed a cyclops
 14143 | Orc:1    | Killed an orange crystal statue
 14144 | Orc:1    | Noticed an orc warlord
 14144 | Orc:1    | Noticed an orc sorcerer
 14783 | Orc:1    | Noticed an ettin
 14788 | Orc:1    | Killed an orange crystal statue
 15379 | Orc:1    | Noticed an orc knight
 15382 | Orc:1    | Killed an orange crystal statue
 15383 | Orc:1    | Noticed an orc warlord
 15389 | Orc:1    | Killed an orange crystal statue
 15389 | Orc:1    | Received a gift from Okawaru
 15389 | Orc:1    | Reached XP level 12. HP: 84/89 MP: 10/24
 15575 | Orc:2    | Entered Level 2 of the Orcish Mines
 15607 | Orc:2    | Noticed an orc high priest
 15607 | Orc:2    | Noticed an orc high priest
 15607 | Orc:2    | Noticed an orc high priest
 15665 | Orc:2    | Noticed Jorgrun
 15671 | Orc:2    | Noticed Erolcha
 15671 | Orc:2    | Paralysed by an orc sorcerer for 3 turns
 15683 | Orc:1    | Slain by Jorgrun

Illustrated notes

Levels and vault maps discovered:
D:1:      minmay_arrival_four_circles, layout_basic, st_stairs_4,
          minmay_misc_feat_alley
D:2:      layout_rooms, uniq_natasha
D:3:      layout_basic, nicolae_overflow_hidden_temple,
          nicolae_overflow_crystal_walls, nicolae_ashenzari_panopticon,
          gammafunk_ghost_split
D:4:      layout_loops_corners, lemuel_crystal_altar,
          nicolae_qazlal_style_of_elements
D:5:      layout_cave_pools, okawaru_gym_becter, serial_column_ruins,
          column_ruins_grid_4, column_ruins_open_small, column_ruins_open_small,
          column_ruins_open_small, column_ruins_columns_T,
          column_ruins_columns_straight, gammafunk_ghost_icy,
          minmay_crystal_water, uniq_duvessa
D:6:      layout_gridville, gammafunk_temple_overflow_pools
D:7:      layout_basic, minmay_temple_entry_purple_smoke, uniq_joseph,
          uniq_pikel
D:8:      layout_rooms, grunt_temple_overflow_holy_war,
          chequers_temple_overflow_statue_of_worship
D:9:      wad_statue_garden, layout_stronghold, worms_lemuel
D:10:     layout_irregular_city, orc_david_3, enter_bailey_6, basic_altar
D:11:     layout_basic, dpeg_lair_monsters
Orc:1:    layout_caves, chequers_guarded_unrand_ignorance
Orc:2:    st_orc_elflike, layout_diamond_mine, serial_shops, bzr_entry_islet,
          nicolae_orc_sculptors_studio, uniq_jorgrun, uniq_erolcha,
          uniq_saint_roka

Skill      XL: |  1  2  3  4  5  6  7  8  9 10 11 12 |
---------------+-------------------------------------+-----
Transmutations | 2 3 4 5 6 |  6.2
Spellcasting   | 5 6 7 8 |  8.7
Fighting       | 1 2 3 4 5 6 7 |  7.0
Short Blades   | 1 2 3 4 5 6 7 |  7.0
Long Blades    | 1 2 3 4 5 6 7 |  7.0
Axes           | 1 2 3 4 5 6 7 |  7.0
Maces & Flails | 1 2 3 4 5 6 7 |  7.0
Polearms       | 1 2 3 4 5 6 7 |  7.0
Staves         | 1 2 3 4 5 6 7 |  7.0
Slings         | 1 2 3 4 5 6 7 |  7.0
Bows           | 1 2 3 4 5 6 7 |  7.0
Crossbows      | 1 2 3 4 5 6 7 |  7.0
Throwing       | 1 2 3 4 5 6 7 |  7.0
Armour         | 1 2 3 4 5 6 7 |  7.0
Shields        | 1 2 3 4 5 6 7 |  7.0
Unarmed Combat | 1 2 3 4 5 6 7 |  7.0
Invocations    | 1 2 3 4 5 6 7 |  7.7
Evocations     | 1 2 3 4 5 6 7 |  7.0
Conjurations   | 1 2 3 4 5 |  5.8
Hexes          | 1 2 3 4 5 |  5.8
Summonings     | 1 2 3 4 5 |  5.8
Necromancy     | 1 2 3 4 5 |  5.8
Translocations | 1 2 3 4 5 |  5.8
Fire Magic     | 1 2 3 4 5 |  5.8
Ice Magic      | 1 2 3 4 5 |  5.8
Air Magic      | 1 2 3 4 5 |  5.8
Earth Magic    | 1 2 3 4 5 |  5.8
Dodging        | 5 6 7 8 |  8.4
Stealth        | 5 6 7 8 |  8.2
Poison Magic   | 6 7 8 |  8.1

Action                   |  1- 3 |  4- 6 |  7- 9 | 10-12 || total
-------------------------+-------+-------+-------+-------++-------
Melee: Spear             |    14 |   111 |    13 |       ||   138
       Bite              |     1 |    16 |    17 |    25 ||    59
       War axe           |       |     4 |    33 |    37 ||    74
       Punch             |       |     1 |       |       ||     1
       Dagger            |       |       |   123 |    14 ||   137
       Short sword       |       |       |       |    23 ||    23
       Rapier            |       |       |       |    88 ||    88
Throw: Dart              |     1 |     3 |     3 |       ||     7
 Cast: Sting             |    35 |    16 |       |       ||    51
       Olgreb's Toxic Ra |       |    18 |    36 |    78 ||   132
       Mephitic Cloud    |       |     4 |     5 |     6 ||    15
       Ignite Poison     |       |       |     4 |    21 ||    25
       Animate Dead      |       |       |     2 |    17 ||    19
       Vampiric Draining |       |       |     1 |     5 ||     6
Evoke: Wand              |       |     6 |    15 |    27 ||    48
       Lightning rod     |       |       |       |     5 ||     5
  Use: Scroll            |       |     5 |     7 |    11 ||    23
       Potion            |       |       |     9 |     7 ||    16
 Stab: Sleeping          |       |     2 |     6 |     4 ||    12
       Confused          |       |     1 |     3 |       ||     4
       Paralysed         |       |       |       |     4 ||     4
Armor: Robe              |     3 |     1 |       |    34 ||    38
       Leather armour    |       |    12 |    32 |     1 ||    45
       Skin              |       |       |       |    13 ||    13
Dodge: Dodged            |    33 |   104 |   143 |   164 ||   444
Block: Buckler           |       |       |     9 |    62 ||    71

Table legend: (Time is in decaauts)
 A = Elapsed time spent in this place.
 B = Non-inter-level travel time spent in this place.
 C = Inter-level travel time spent in this place.
 D = Time resting spent in this place.
 E = Time spent auto-exploring this place.
 F = Levels seen in this place.
 G = Mean time per level.
                   A        B        C        D        E       F      G
               +--------+--------+--------+--------+--------+-----+--------+
         Total |  15680 |  15541 |    139 |   4154 |   6537 |  14 | 1120.0 |
       Dungeon |  13147 |  13008 |    139 |   3285 |   5948 |  11 | 1195.2 |
  Orcish Mines |   1928 |   1928 |      0 |    711 |    478 |   2 |  964.0 |
        Bailey |    605 |    605 |      0 |    158 |    111 |   1 |  605.0 |
               +--------+--------+--------+--------+--------+-----+--------+

Top non-repeatable levels by time:
     D:9: 2121 daAuts
   Orc:1: 1818 daAuts
     D:5: 1612 daAuts
     D:4: 1535 daAuts
     D:7: 1434 daAuts
    D:10: 1408 daAuts
     D:6: 1203 daAuts
     D:3: 1065 daAuts
     D:2: 1014 daAuts
     D:1: 886 daAuts
     D:8: 860 daAuts
  Bailey: 605 daAuts
   Orc:2: 109 daAuts
    D:11: 4 daAuts
